 Dungeon Crawl Stone Soup version 0.23.1 (webtiles) character file.

Game seed: 1691732833389827019

107 Borgoz the Cutter (level 4, 0/37 HPs)
             Began as a Ghoul Gladiator on Mar 8, 2019.
             Slain by a goblin (2 damage)
             ... led by Robin
             ... on level 2 of the Dungeon.
             The game lasted 00:02:24 (1698 turns).

Borgoz the Cutter (Ghoul Gladiator)                 Turns: 1698, Time: 00:02:25

Health: 0/37       AC:  4    Str: 17    XL:     4   Next: 85%
Magic:  3/3        EV: 12    Int:  4    God:
Gold:   66         SH:  0    Dex: 10    Spells: 3/3 levels left

rFire    . . .     SeeInvis .   l - +0 dagger (venom)
rCold    + . .     Gourm    .   (no shield)
rNeg     + + +     Faith    .   b - +0 leather armour
rPois    ∞         Spirit   .   c - +0 helmet
rElec    .         Reflect  .   (no cloak)
rCorr    .         Harm     .   (no gloves)
MR       .....                  (no boots)
Stlth    +.........             (no amulet)
HPRegen  0.00/turn              (no ring)
MPRegen  0.08/turn              (no ring)

@: rotting
A: rotting body, claws 1, carnivore, cold resistance 1, negative energy
resistance 3, inhibited regeneration, torment resistance, unbreathing
a: no special abilities


You were on level 2 of the Dungeon.
You were not hungry.

You visited 1 branch of the dungeon, and saw 2 of its levels.

You collected 66 gold pieces.

Inventory:

Hand Weapons
 l - a +0 dagger of venom (weapon)
Missiles
 d - 3 throwing nets (quivered)
Armour
 b - a +0 leather armour (worn)
 c - a +0 helmet (worn)
Jewellery
 g - a +3 ring of intelligence {unknown}
 m - an uncursed amulet of rage {unknown}
Scrolls
 a - a scroll of enchant armour {unknown}
 i - 3 scrolls of identify {unknown}
 j - a scroll of enchant weapon {unknown}
 n - 3 scrolls of remove curse {unknown}
 o - a scroll of amnesia {unknown}
 r - a scroll of teleportation {unknown}
 s - a scroll of magic mapping {unknown}
Potions
 e - 2 potions of ambrosia {unknown}
 h - a potion of curing {unknown}
 k - a potion of cancellation {unknown}
 p - a potion of berserk rage {unknown}
 t - a potion of heal wounds {unknown}
Comestibles
 f - 4 rations
 q - 5 chunks of flesh


   Skills:
 + Level 2.7 Fighting
 + Level 3.6 Short Blades
 - Level 1.7 Throwing
 + Level 1.5 Armour
 + Level 3.4 Dodging
 + Level 0.3 Stealth


You had 3 spell levels left.
You didn't know any spells.
Your spell library was empty.

Dungeon Overview and Level Annotations

Branches:
Dungeon (2/15)

Altars:

Annotations:
D:2 Robin


Innate Abilities, Weirdness & Mutations

Your body is rotting away.
You thrive on raw meat.
You are immune to poison.
You have sharp fingernails.
You are carnivorous and can eat meat at any time.
Your flesh is cold resistant. (rC+)
You are immune to negative energy. (rN+++)
You do not regenerate when monsters are visible.
You are immune to unholy pain and torment.
You can survive without breathing.


Message History

The goblin closely misses you. The goblin barely misses you.
The goblin completely misses you.
You hit the goblin.
You kill the goblin!
The goblin hits you. The goblin closely misses you.
You closely miss the goblin. The goblin hits you but does no damage.
The goblin completely misses you. The goblin barely misses you.
Robin barely misses you. The goblin barely misses you.
The hobgoblin hits you with a +0 club.
* * * LOW HITPOINT WARNING * * *
You barely miss the goblin. The goblin hits you.
* * * LOW HITPOINT WARNING * * *
The goblin hits you.
* * * LOW HITPOINT WARNING * * *
The goblin barely misses you.
You hit the goblin.
The goblin is poisoned.
The goblin is almost dead.
You kill the goblin!
The goblin hits you.
You die...

#..........# #..........#
.... #..........# .......
#..........# .........
#.÷........# .........
####÷#####.#### ..<......
##..).# #.# ##.....!..
...#### ###.#####gg.......
##.######......g@gg.......
#.........#.####.gg...!..>
........###.##..gg........
#.#####.# #.[#.##.........
..# # ##^#. #......... .##
... ##........ ## ##...
##......# ### ..##.
####### ..# ##.. ..


You could see Robin, 3 hobgoblins and 5 goblins.

Vanquished Creatures
  Natasha (twice) (D:2)
  2 adders (D:2)
  A worm (D:2)
  A leopard gecko (D:2)
  3 ball pythons (D:1)
  3 bats (D:1)
  8 goblins
  2 hobgoblins
  3 jackals (D:2)
  2 kobolds
  2 frilled lizards
  5 rats
34 creatures vanquished.

Notes
Turn   | Place    | Note
-------+----------+-------------------------------------------
     0 | D:1      | Borgoz the Ghoul Gladiator began the quest for the Orb.
     0 | D:1      | Reached XP level 1. HP: 17/17 MP: 0/0
   251 | D:1      | Reached XP level 2. HP: 21/24 MP: 1/1
  1016 | D:2      | Reached XP level 3. HP: 12/28 MP: 2/2
  1297 | D:2      | Noticed Natasha
  1309 | D:2      | Killed Natasha
  1309 | D:2      | Reached skill level 1 in Armour
  1309 | D:2      | Reached XP level 4. HP: 13/37 MP: 3/3
  1497 | D:2      | Noticed Natasha
  1503 | D:2      | Killed Natasha
  1686 | D:2      | Noticed Robin
  1698 | D:2      | Slain by a goblin

Skill      XL: |  1  2  3 |
---------------+----------+-----
Short Blades   | 3 |  3.6
Dodging        | 3 |  3.4
Armour         | 1 |  1.5
Fighting       | |  2.7
Throwing       | |  1.7
Stealth        | |  0.3

Action                   |  1- 3 |  4- 6 || total
-------------------------+-------+-------++-------
Melee: Rapier            |    28 |       ||    28
       Dagger            |    62 |    43 ||   105
  Eat: Chunk             |     4 |     5 ||     9
Armor: Leather armour    |    30 |    11 ||    41
Dodge: Dodged            |    45 |    26 ||    71
